 Dungeon Crawl Stone Soup version 0.29.1-4-g47bece8355 (webtiles) character file.

Game seed: 5492392857628296361

37 trench the Grasshopper (level 3, -1/31 HPs)
             Began as a Gnoll Warper on Dec 12, 2022.
             Succumbed to an adder's poison
             ... on level 1 of the Dungeon.
             The game lasted 00:03:22 (1531 turns).

trench the Grasshopper (Gnoll Warper)               Turns: 1531, Time: 00:03:23

Health: -1/31      AC: 12    Str: 12    XL:     3   Next: 41%
Magic:  9/9        EV: 26    Int: 12    God:
Gold:   19         SH:  0    Dex: 11    Spells: 12/12 levels left

rFire   . . .      SeeInvis .   g - +2 dagger (protect)
rCold   . . .      Faith    .   (no shield)
rNeg    . . .      Spirit   .   h - +0 ring mail
rPois   .          Reflect  .   (no helmet)
rElec   .          Harm     .   (no cloak)
rCorr   .          Rampage  .   (no gloves)
Will    .....                   (no boots)
Stlth   +.........              e - amulet of the acrobat
HPRegen 0.10/turn               (no ring)
MPRegen 0.11/turn               (no ring)

@: lethally poisoned (-1 -> -9), under a protective aura, acrobatic
A: fangs 1, strong nose, distributed training
a: no special abilities


You were on level 1 of the Dungeon.
You visited 1 branch of the dungeon, and saw 2 of its levels.

You collected 19 gold pieces.

Inventory:

Hand Weapons
 a - a +0 falchion
 g - a +2 dagger of protection (weapon)
Missiles
 d - 7 boomerangs of dispersal (quivered)
Armour
 h - a +0 ring mail (worn)
Jewellery
 e - an amulet of the acrobat (around neck)
Scrolls
 b - a scroll of acquirement {unknown}
 c - a scroll of blinking


   Skills:
 + Level 4.5 Fighting
 + Level 0.8 Short Blades
 + Level 4.5 Long Blades
 + Level 0.8 Axes
 + Level 0.8 Maces & Flails
 + Level 0.8 Polearms
 + Level 0.8 Staves
 + Level 0.8 Ranged Weapons
 + Level 2.6 Throwing
 + Level 2.6 Armour
 + Level 4.5 Dodging
 + Level 0.8 Stealth
 + Level 0.8 Shields
 + Level 0.8 Unarmed Combat
 + Level 5.0 Spellcasting
 + Level 0.5 Conjurations
 + Level 0.5 Hexes
 + Level 0.5 Summonings
 + Level 0.5 Necromancy
 + Level 5.4 Translocations
 + Level 0.5 Transmutations
 + Level 0.5 Fire Magic
 + Level 0.5 Ice Magic
 + Level 0.5 Air Magic
 + Level 0.5 Earth Magic
 + Level 0.5 Poison Magic
 + Level 1.0 Invocations
 + Level 0.8 Evocations


You had 12 spell levels left.
You didn't know any spells.
Your spell library contained the following spells:

 Spells                   Type           Power      Damage    Failure   Level
 Blink                    Tloc           32%        N/A       7%          2
 Gell's Gravitas          Tloc           16%        N/A       14%         3
 Lesser Beckoning         Tloc           16%        N/A       14%         3
 Teleport Other           Tloc           16%        N/A       14%         3
 Sublimation of Blood     Necr           4%         N/A       45%         2
 Manifold Assault         Tloc           16%        N/A       78%         5
 Petrify                  Tmut/Erth      4%         N/A       98%         4
 Irradiate                Conj/Tmut      2%         3d12      100%        5


Dungeon Overview and Level Annotations

Branches:
Dungeon (2/15)

Altars:


Innate Abilities, Weirdness & Mutations

You have very sharp teeth.
Your uncanny sense of smell can sniff out nearby items.
Your experience applies equally to all skills.


Message History

The hobgoblin hits you but does no damage.
The kobold hits you but does no damage. The adder closely misses you.
The adder attacks as you move away! The adder bites you but does no damage.
The hobgoblin attacks as you move away!
The hobgoblin hits you but does no damage.
You feel sick.
You closely miss the adder.
The adder is severely wounded.
You feel sick.
You are no longer poisoned.
The adder bites you but does no damage.
You closely miss the adder.
The adder is severely wounded.
The adder bites you.
* * * LOW HITPOINT WARNING * * *
You are poisoned.
The adder poisons you!
You hit the adder.
Your weapon exudes an aura of protection.
You bite the adder, but do no damage.
The adder is almost dead.
* * * LOW HITPOINT WARNING * * *
You feel sick. The adder bites you.
* * * LOW HITPOINT WARNING * * *
You are more poisoned.
The adder poisons you!
Blink to where?
Press: ? - help, Dir - move target
Okay, then.
You hit the adder.
You kill the adder!
* * * LOW HITPOINT WARNING * * *
You feel sick.
Your Invocations skill increases to level 1!
As you read the scroll labelled BYJICA OXTIFI, it crumbles to dust.
You hear the tinkle of a tiny bell.
It was a scroll of butterflies.
* * * LOW HITPOINT WARNING * * *
You feel sick. The kobold hits you but does no damage.
You swap places.
You die...

#.#######.#.+........# #
#.#.....#.#.#........# #
#.#.###.#.#.#........########
#.#.#.#.#.#.#...............#
#.#.#.#.#.#.####.##########.#
#.#.#.......#....# #.#
#.#.#####.#.#.#############.#
#.#.......#bbb...............
#.#########b@b...............
#........bbbb#..~.......~...#
###########K#bb.~~~.....~~~..#
#.........b>gb#..≈......)~...#
###.########..#..............#
#.# #.............~<......#
#.# #...#..#.....~~~.......
#.# #...####.....>~........
###.######.####.............##


You could see a hobgoblin (ally target) and a kobold (ally target).

Vanquished Creatures
  An adder (D:1)
  A gnoll (D:1)
  A dart slug (D:1)
  2 endoplasms (D:1)
  A giant cockroach (D:1)
  2 quokkas (D:1)
  4 ball pythons (D:1)
  A bat (D:1)
  A frilled lizard (D:2)
  4 goblins
  A kobold (D:1)
  A rat (D:1)
20 creatures vanquished.

Notes
Turn   | Place    | Note
-------+----------+-------------------------------------------
     0 | D:1      | trench the Gnoll Warper began the quest for the Orb.
     0 | D:1      | Reached XP level 1. HP: 20/20 MP: 6/6
   711 | D:1      | Reached XP level 2. HP: 26/26 MP: 7/7
   912 | D:1      | Reached skill level 5 in Spellcasting
   912 | D:1      | Reached XP level 3. HP: 20/31 MP: 7/9
  1530 | D:1      | Reached skill level 1 in Invocations
  1530 | D:1      | HP: 1/31 [poisoned by an adder]
  1531 | D:1      | Succumbed to an adder's poison

Illustrated notes

Levels and vault maps discovered:
D:1:      minmay_arrival_five_plusses, layout_basic
D:2:      layout_rooms, basic_ecumenical_altar

Skill      XL: |  1  2  3 |
---------------+----------+-----
Spellcasting   | 5 |  5.0
Invocations    | 1 |  1.0
Fighting       | |  4.5
Short Blades   | |  0.8
Long Blades    | |  4.5
Axes           | |  0.8
Maces & Flails | |  0.8
Polearms       | |  0.8
Staves         | |  0.8
Ranged Weapons | |  0.8
Throwing       | |  2.6
Armour         | |  2.6
Dodging        | |  4.5
Stealth        | |  0.8
Shields        | |  0.8
Unarmed Combat | |  0.8
Conjurations   | |  0.5
Hexes          | |  0.5
Summonings     | |  0.5
Necromancy     | |  0.5
Translocations | |  5.4
Transmutations | |  0.5
Fire Magic     | |  0.5
Ice Magic      | |  0.5
Air Magic      | |  0.5
Earth Magic    | |  0.5
Poison Magic   | |  0.5
Evocations     | |  0.8

Action                   || total
-------------------------++-------
Melee: Dagger            ||    53
       Falchion          ||     9
       Bite              ||     5
  Use: Scroll            ||     1
Armor: Ring mail         ||    33
       Leather armour    ||     1
Dodge: Dodged            ||    46
